3043 views
Uploaded 2020-05-21 19:37:44
Game version 1.32.4 / 1.32.5
23:26 long 2on2 ladder game on (4)TwistedMeadows
Saved by Redwood
3043 views
Uploaded 2020-05-21 19:37:44
Game version 1.32.4 / 1.32.5
23:26 long 2on2 ladder game on (4)TwistedMeadows


76 units @ 10.6k
/ 1.9k
34 buildings @ 6.1k
/ 2.4k


| Moonstone | 2 | 100 |
| Staff of Preservation | 2 | 300 |
| Potion of Healing | 6 | 900 |
| Potion of Mana | 2 | 400 |
| Lesser Clarity Potion | 5 | 350 |
| Orb of Venom | 1 | 325 |
| Scroll of Town Portal | 5 | 1750 |
| Boots of Speed | 1 | 250 |
| Staff of Teleportation | 1 | 150 |
| total: | 25 | 4525g |
| Wisp | 29 | 1740 | / | 0 |
| Archer | 4 | 520 | / | 40 |
| Dryad | 10 | 1450 | / | 600 |
| Druid of the Claw | 6 | 1530 | / | 480 |
| Goblin Shredder | 2 | 750 | / | 200 |
| Forest Troll Shadow Priest | 2 | 390 | / | 20 |
| Forest Troll Berserker | 2 | 490 | / | 60 |
| Ogre Mauler | 1 | 300 | / | 0 |
| total: | 56 | 7170g | / | 1400w |
| Altar of Elders | 1 | 180 | / | 50 |
| Moon Well | 7 | 1260 | / | 280 |
| Ancient of War | 1 | 150 | / | 60 |
| Tree of Life | 3 | 1020 | / | 555 |
| Hunter's Hall | 1 | 210 | / | 100 |
| Ancient of Wonders | 2 | 180 | / | 60 |
| Ancient of Lore | 2 | 310 | / | 290 |
| Tree of Ages | 1 | 320 | / | 180 |
| Tree of Eternity | 1 | 330 | / | 200 |
| total: | 17 | 3310g | / | 1395w |
| 0:01 | Wisp |
| 0:04 | Altar of Elders |
| 0:05 | Wisp |
| 0:16 | Moon Well |
| 0:17 | Wisp |
| 0:25 | Ancient of War |
| 0:30 | Wisp |
| 0:30 | Wisp |
| 0:37 | Wisp |
| 0:45 | Wisp |
| 0:52 | Wisp |
| 1:08 | Wisp |
| 1:13 | Wisp |
| 1:25 | Archer |
| 1:36 | Moon Well |
| 1:41 | Wisp |
| 1:59 | Wisp |
| 2:32 | Forest Troll Shadow Priest |
| 2:43 | Wisp |
| 3:00 | Archer |
| 3:03 | Wisp |
| 3:05 | Mana Burn |
| 3:05 | Evasion |
| 3:18 | Wisp |
| 3:40 | Tree of Life |
| 3:49 | Tree of Ages |
| 4:07 | Forest Troll Berserker |
| 4:23 | Moon Well |
| 4:51 | Boots of Speed |
| 4:57 | Staff of Teleportation |
| 5:20 | Mana Burn |
| 5:43 | Archer |
| 5:44 | Forest Troll Shadow Priest |
| 6:22 | Breath of Fire |
| 7:15 | Hunter's Hall |
| 7:24 | Wisp |
| 7:24 | Wisp |
| 7:24 | Wisp |
| 7:24 | Wisp |
| 7:33 | Ogre Mauler |
| 7:36 | Ancient of Wonders |
| 7:37 | Archer |
| 7:39 | Forest Troll Berserker |
| 8:11 | Wisp |
| 8:11 | Wisp |
| 8:11 | Wisp |
| 8:17 | Ancient of Lore |
| 8:18 | Ancient of Lore |
| 8:22 | Goblin Shredder |
| 8:41 | Moonstone |
| 8:43 | Staff of Preservation |
| 8:53 | Tree of Eternity |
| 9:00 | Drunken Haze |
| 9:03 | Potion of Healing |
| 9:12 | Scroll of Town Portal |
| 9:13 | Potion of Mana |
| 9:32 | Dryad |
| 9:57 | Moon Well |
| 10:00 | Moon Well |
| 10:06 | Druid of the Claw Adept Training |
| 10:06 | Abolish Magic |
| 11:19 | Lesser Clarity Potion |
| 11:21 | Potion of Healing |
| 11:57 | Breath of Fire |
| 12:04 | Druid of the Claw Master Training |
| 12:04 | Druid of the Claw |
| 12:06 | Well Spring |
| 12:06 | Ultravision |
| 12:06 | Strength of the Wild |
| 12:13 | Lesser Clarity Potion |
| 12:13 | Lesser Clarity Potion |
| 12:15 | Staff of Preservation |
| 12:34 | Druid of the Claw |
| 12:39 | Moon Well |
| 12:40 | Nature's Blessing |
| 12:42 | Ancient of Wonders |
| 12:54 | Orb of Venom |
| 12:54 | Scroll of Town Portal |
| 13:02 | Druid of the Claw |
| 14:11 | Lesser Clarity Potion |
| 14:12 | Potion of Healing |
| 14:16 | Potion of Healing |
| 14:16 | Scroll of Town Portal |
| 14:21 | Dryad |
| 14:21 | Dryad |
| 14:23 | Reinforced Hides |
| 14:49 | Tree of Life |
| 15:26 | Goblin Shredder |
| 15:36 | Dryad |
| 16:16 | Moon Well |
| 16:21 | Wisp |
| 16:21 | Wisp |
| 17:11 | Wisp |
| 17:11 | Wisp |
| 17:12 | Wisp |
| 17:12 | Wisp |
| 17:18 | Dryad |
| 18:30 | Wisp |
| 18:40 | Druid of the Claw |
| 18:40 | Druid of the Claw |
| 18:49 | Lesser Clarity Potion |
| 18:49 | Moonstone |
| 18:51 | Potion of Mana |
| 18:52 | Potion of Healing |
| 18:56 | Scroll of Town Portal |
| 18:56 | Potion of Healing |
| 19:06 | Improved Strength of the Wild |
| 19:07 | Improved Reinforced Hides |
| 19:08 | Dryad |
| 19:09 | Dryad |
| 20:03 | Mark of the Claw |
| 20:05 | Druid of the Claw |
| 21:26 | Evasion |
| 21:34 | Tree of Life |
| 21:36 | Dryad |
| 21:52 | Scroll of Town Portal |
| 21:57 | Dryad |
| 22:56 | Drunken Haze |
| 23:10 | Dryad |
| Right click | 2379 |
| Select group | 1374 |
| Select | 899 |
| Build/train/purchase | 143 |
| Use ability | 115 |
| Misc. action | 68 |
| Assign group | 60 |
| Minimap ping | 43 |
| Item give/drop | 10 |
| Resource trade | 10 |
| Chat | 4 |
| Remove unit | 3 |



| Rod of Necromancy | 2 | 300 |
| Sacrificial Skull | 2 | 100 |
| Orb of Corruption | 1 | 375 |
| Potion of Healing | 2 | 300 |
| Dust of Appearance | 1 | 75 |
| Scroll of Town Portal | 3 | 1050 |
| Scroll of Healing | 3 | 750 |
| Potion of Lesser Invulnerability | 4 | 600 |
| total: | 18 | 3550g |
| Acolyte | 4 | 300 | / | 0 |
| Ghoul | 4 | 480 | / | 0 |
| Crypt Fiend | 6 | 1290 | / | 240 |
| Obsidian Statue | 5 | 1000 | / | 175 |
| Frost Wyrm | 1 | 385 | / | 120 |
| total: | 20 | 3455g | / | 535w |
| Spirit Tower | 1 | 145 | / | 40 |
| Crypt | 1 | 200 | / | 50 |
| Graveyard | 1 | 215 | / | 0 |
| Ziggurat | 8 | 1200 | / | 400 |
| Altar of Darkness | 1 | 180 | / | 50 |
| Tomb of Relics | 1 | 130 | / | 30 |
| Necropolis | 2 | 450 | / | 0 |
| Slaughterhouse | 1 | 140 | / | 135 |
| Sacrificial Pit | 1 | 75 | / | 150 |
| Boneyard | 1 | 175 | / | 200 |
| Halls of the Dead | 1 | 320 | / | 210 |
| Black Citadel | 1 | 325 | / | 230 |
| total: | 17 | 2765g | / | 1015w |
| 0:09 | Acolyte |
| 0:18 | Crypt |
| 0:21 | Graveyard |
| 0:26 | Acolyte |
| 0:47 | Ziggurat |
| 1:04 | Altar of Darkness |
| 1:19 | Ghoul |
| 1:36 | Tomb of Relics |
| 1:50 | Crypt Fiend |
| 2:10 | Ziggurat |
| 2:29 | Crypt Fiend |
| 3:04 | Rod of Necromancy |
| 3:05 | Dust of Appearance |
| 3:06 | Death Coil |
| 3:11 | Sacrificial Skull |
| 3:18 | Crypt Fiend |
| 3:47 | Halls of the Dead |
| 4:11 | Crypt Fiend |
| 4:21 | Ziggurat |
| 4:51 | Unholy Aura |
| 4:52 | Ghoul |
| 4:54 | Creature Attack |
| 5:27 | Crypt Fiend |
| 5:55 | Crypt Fiend |
| 5:59 | Ziggurat |
| 6:56 | Black Citadel |
| 7:24 | Slaughterhouse |
| 7:50 | Death Coil |
| 8:01 | Burrow |
| 8:15 | Rod of Necromancy |
| 8:15 | Sacrificial Skull |
| 8:25 | Frost Nova |
| 8:49 | Obsidian Statue |
| 9:14 | Web |
| 9:21 | Frost Armor |
| 9:29 | Orb of Corruption |
| 10:13 | Destroyer Form |
| 10:14 | Obsidian Statue |
| 11:06 | Frost Nova |
| 11:28 | Scroll of Town Portal |
| 11:37 | Potion of Healing |
| 11:44 | Ziggurat |
| 11:46 | Sacrificial Pit |
| 12:00 | Impale |
| 12:20 | Ziggurat |
| 12:32 | Potion of Lesser Invulnerability |
| 12:35 | Scroll of Healing |
| 12:43 | Obsidian Statue |
| 13:44 | Unholy Aura |
| 13:49 | Obsidian Statue |
| 14:14 | Potion of Lesser Invulnerability |
| 14:44 | Spirit Tower |
| 14:47 | Acolyte |
| 15:31 | Scroll of Town Portal |
| 17:16 | Improved Creature Attack |
| 17:28 | Potion of Lesser Invulnerability |
| 18:23 | Ghoul |
| 18:24 | Ghoul |
| 18:34 | Necropolis |
| 18:43 | Boneyard |
| 18:49 | Spiked Carapace |
| 19:35 | Potion of Lesser Invulnerability |
| 19:37 | Scroll of Healing |
| 19:52 | Acolyte |
| 20:43 | Frost Wyrm |
| 20:44 | Obsidian Statue |
| 21:13 | Ziggurat |
| 21:16 | Scroll of Town Portal |
| 21:30 | Necropolis |
| 21:44 | Ziggurat |
| 22:17 | Dark Ritual |
| 22:54 | Potion of Healing |
| 22:54 | Scroll of Healing |
| 23:17 | Death Coil |
| Right click | 1290 |
| Select group | 592 |
| Select | 367 |
| Misc. action | 145 |
| Build/train/purchase | 99 |
| Use ability | 58 |
| Assign group | 43 |
| Item give/drop | 8 |
| Minimap ping | 5 |
| Remove unit | 3 |
76 units @ 12.6k
/ 2k
38 buildings @ 5k
/ 2.1k
⇛
EloHim
(23:16) : 

| Lesser Clarity Potion | 5 | 350 |
| Scroll of Regeneration | 2 | 200 |
| Staff of Sanctuary | 1 | 250 |
| Dust of Appearance | 1 | 75 |
| Scroll of Town Portal | 5 | 1750 |
| Scroll of Healing | 5 | 1250 |
| Potion of Lesser Invulnerability | 1 | 150 |
| total: | 20 | 4025g |
| Peasant | 17 | 1275 | / | 0 |
| Footman | 10 | 1350 | / | 0 |
| Spell Breaker | 10 | 2150 | / | 300 |
| Knight | 3 | 735 | / | 180 |
| Goblin Shredder | 1 | 375 | / | 100 |
| Goblin Zeppelin | 1 | 240 | / | 60 |
| Goblin Sapper | 4 | 860 | / | 400 |
| total: | 46 | 6985g | / | 1040w |
| Scout Tower | 9 | 270 | / | 180 |
| Arcane Tower | 2 | 140 | / | 100 |
| Guard Tower | 6 | 420 | / | 300 |
| Altar of Kings | 1 | 180 | / | 50 |
| Barracks | 2 | 320 | / | 120 |
| Farm | 6 | 480 | / | 120 |
| Lumber Mill | 1 | 120 | / | 0 |
| Town Hall | 3 | 1155 | / | 615 |
| Blacksmith | 1 | 140 | / | 60 |
| Arcane Vault | 1 | 130 | / | 30 |
| Arcane Sanctum | 2 | 300 | / | 280 |
| Keep | 1 | 320 | / | 210 |
| Castle | 1 | 360 | / | 210 |
| total: | 26 | 3095g | / | 1455w |
| 0:02 | Peasant |
| 0:02 | Peasant |
| 0:05 | Altar of Kings |
| 0:19 | Barracks |
| 0:23 | Peasant |
| 0:33 | Farm |
| 0:45 | Peasant |
| 0:58 | Farm |
| 1:10 | Peasant |
| 1:19 | Footman |
| 1:29 | Peasant |
| 1:35 | Scout Tower |
| 1:39 | Farm |
| 1:46 | Footman |
| 1:55 | Peasant |
| 2:01 | Arcane Tower |
| 2:07 | Storm Bolt |
| 2:17 | Footman |
| 2:23 | Peasant |
| 2:31 | Farm |
| 2:45 | Footman |
| 2:49 | Peasant |
| 3:05 | Peasant |
| 3:12 | Bash |
| 3:14 | Footman |
| 3:16 | Peasant |
| 3:33 | Footman |
| 3:40 | Peasant |
| 3:57 | Lumber Mill |
| 3:58 | Peasant |
| 4:18 | Storm Bolt |
| 4:28 | Town Hall |
| 4:33 | Scout Tower |
| 4:40 | Peasant |
| 5:01 | Arcane Tower |
| 5:46 | Defend |
| 5:54 | Peasant |
| 5:57 | Blacksmith |
| 6:06 | Dust of Appearance |
| 6:28 | Keep |
| 6:29 | Footman |
| 7:08 | Footman |
| 7:08 | Footman |
| 7:09 | Scout Tower |
| 7:12 | Scout Tower |
| 7:33 | Improved Masonry |
| 7:34 | Farm |
| 7:38 | Footman |
| 7:39 | Guard Tower |
| 7:42 | Farm |
| 8:08 | Arcane Vault |
| 8:09 | Guard Tower |
| 8:12 | Goblin Shredder |
| 8:12 | Goblin Zeppelin |
| 8:24 | Scout Tower |
| 8:28 | Scout Tower |
| 8:29 | Scout Tower |
| 8:40 | Lesser Clarity Potion |
| 8:40 | Scroll of Regeneration |
| 8:43 | Lesser Clarity Potion |
| 8:51 | Advanced Masonry |
| 8:57 | Guard Tower |
| 9:00 | Scout Tower |
| 9:01 | Scout Tower |
| 9:04 | Arcane Sanctum |
| 9:12 | Scroll of Town Portal |
| 9:16 | Scroll of Healing |
| 9:23 | Arcane Sanctum |
| 9:26 | Guard Tower |
| 9:32 | Guard Tower |
| 9:53 | Goblin Sapper |
| 10:01 | Spell Breaker |
| 10:38 | Spell Breaker |
| 10:43 | Bash |
| 11:07 | Spell Breaker |
| 11:11 | Siphon Mana |
| 11:15 | Goblin Sapper |
| 11:42 | Spell Breaker |
| 11:58 | Guard Tower |
| 12:00 | Lesser Clarity Potion |
| 12:02 | Lesser Clarity Potion |
| 12:10 | Scroll of Town Portal |
| 12:16 | Iron Plating |
| 12:40 | Spell Breaker |
| 12:44 | Control Magic |
| 13:11 | Town Hall |
| 13:45 | Spell Breaker |
| 14:09 | Scroll of Town Portal |
| 14:17 | Steel Plating |
| 14:21 | Spell Breaker |
| 14:33 | Spell Breaker |
| 14:43 | Goblin Sapper |
| 14:51 | Spell Breaker |
| 15:05 | Spell Breaker |
| 15:33 | Scroll of Healing |
| 15:38 | Scroll of Healing |
| 16:06 | Iron Forged Swords |
| 16:08 | Castle |
| 17:12 | Barracks |
| 17:28 | Scroll of Town Portal |
| 17:28 | Potion of Lesser Invulnerability |
| 17:28 | Scroll of Healing |
| 18:25 | Scroll of Regeneration |
| 18:25 | Lesser Clarity Potion |
| 18:25 | Scroll of Town Portal |
| 18:30 | Knight |
| 18:33 | Staff of Sanctuary |
| 18:38 | Sundering Blades |
| 18:40 | Animal War Training |
| 19:04 | Mithril Plating |
| 19:09 | Peasant |
| 19:09 | Peasant |
| 19:17 | Knight |
| 19:27 | Knight |
| 20:07 | Town Hall |
| 20:44 | Goblin Sapper |
| 21:48 | Scroll of Healing |
| 22:53 | Flame Strike |
| Right click | 1476 |
| Select | 601 |
| Select group | 515 |
| Assign group | 476 |
| Chat | 265 |
| Build/train/purchase | 124 |
| Use ability | 67 |
| Misc. action | 42 |
| Resource trade | 38 |
| Minimap ping | 4 |
| Item give/drop | 2 |
| Remove unit | 2 |
| Esc | 1 |



| Rod of Necromancy | 3 | 450 |
| Potion of Healing | 3 | 450 |
| Ritual Dagger | 1 | 125 |
| Orb of Corruption | 1 | 375 |
| Potion of Mana | 1 | 200 |
| Scroll of Town Portal | 5 | 1750 |
| Dust of Appearance | 1 | 75 |
| Potion of Lesser Invulnerability | 2 | 300 |
| total: | 17 | 3725g |
| Acolyte | 3 | 225 | / | 0 |
| Ghoul | 3 | 360 | / | 0 |
| Crypt Fiend | 15 | 3225 | / | 600 |
| Gargoyle | 1 | 175 | / | 30 |
| Obsidian Statue | 7 | 1400 | / | 245 |
| Abomination | 1 | 240 | / | 70 |
| total: | 30 | 5625g | / | 945w |
| Crypt | 1 | 200 | / | 50 |
| Graveyard | 1 | 215 | / | 0 |
| Altar of Darkness | 1 | 180 | / | 50 |
| Ziggurat | 7 | 1050 | / | 350 |
| Tomb of Relics | 1 | 130 | / | 30 |
| Slaughterhouse | 1 | 140 | / | 135 |
| Halls of the Dead | 1 | 320 | / | 210 |
| Black Citadel | 1 | 325 | / | 230 |
| total: | 12 | 1915g | / | 615w |
| 0:02 | Acolyte |
| 0:05 | Crypt |
| 0:08 | Graveyard |
| 0:11 | Acolyte |
| 0:28 | Altar of Darkness |
| 0:45 | Ziggurat |
| 1:09 | Ghoul |
| 1:17 | Tomb of Relics |
| 1:36 | Crypt Fiend |
| 1:55 | Ziggurat |
| 2:17 | Crypt Fiend |
| 2:33 | Rod of Necromancy |
| 2:52 | Crypt Fiend |
| 2:55 | Death Coil |
| 3:37 | Halls of the Dead |
| 3:52 | Unholy Aura |
| 3:53 | Crypt Fiend |
| 4:07 | Ziggurat |
| 4:25 | Rod of Necromancy |
| 4:32 | Crypt Fiend |
| 4:56 | Creature Attack |
| 5:07 | Ghoul |
| 5:07 | Ghoul |
| 5:25 | Death Coil |
| 5:59 | Burrow |
| 6:31 | Crypt Fiend |
| 6:34 | Potion of Healing |
| 6:35 | Potion of Healing |
| 6:56 | Frost Nova |
| 7:11 | Crypt Fiend |
| 7:12 | Black Citadel |
| 7:26 | Slaughterhouse |
| 7:27 | Ziggurat |
| 7:33 | Scroll of Town Portal |
| 7:34 | Potion of Lesser Invulnerability |
| 8:09 | Rod of Necromancy |
| 8:09 | Ritual Dagger |
| 8:27 | Gargoyle |
| 8:32 | Dark Ritual |
| 8:34 | Obsidian Statue |
| 8:35 | Obsidian Statue |
| 8:57 | Improved Creature Attack |
| 9:16 | Ziggurat |
| 9:44 | Orb of Corruption |
| 9:57 | Destroyer Form |
| 10:28 | Unholy Aura |
| 11:06 | Crypt Fiend |
| 11:20 | Crypt Fiend |
| 11:43 | Obsidian Statue |
| 11:48 | Impale |
| 11:59 | Advanced Creature Attack |
| 12:14 | Crypt Fiend |
| 12:34 | Acolyte |
| 12:49 | Web |
| 13:45 | Obsidian Statue |
| 14:00 | Scroll of Town Portal |
| 14:18 | Ziggurat |
| 15:07 | Scroll of Town Portal |
| 15:44 | Abomination |
| 16:03 | Frost Nova |
| 16:09 | Crypt Fiend |
| 17:08 | Scroll of Town Portal |
| 17:09 | Potion of Mana |
| 17:10 | Potion of Healing |
| 17:17 | Crypt Fiend |
| 17:18 | Obsidian Statue |
| 18:32 | Crypt Fiend |
| 18:33 | Obsidian Statue |
| 18:51 | Crypt Fiend |
| 19:07 | Obsidian Statue |
| 19:34 | Ziggurat |
| 20:11 | Scroll of Town Portal |
| 21:04 | Crypt Fiend |
| 21:43 | Potion of Lesser Invulnerability |
| 21:44 | Dust of Appearance |
| 21:48 | Spiked Carapace |
| Select group | 1925 |
| Right click | 863 |
| Select | 420 |
| Misc. action | 299 |
| Chat | 222 |
| Build/train/purchase | 114 |
| Assign group | 99 |
| Use ability | 65 |
| Item give/drop | 5 |
| Minimap ping | 3 |
| Esc | 2 |